 Dungeon Crawl Stone Soup version 0.17-a0-1404-gb8113a6 (webtiles) character file.

528 bal the Covert (level 7, -2/36 HPs)
             Began as a Vine Stalker Assassin on June 21, 2015.
             Slain by Menkaure (11 damage)
             ... on level 4 of the Dungeon.
             The game lasted 00:09:35 (3206 turns).

bal the Covert (Vine Stalker Assassin)              Turns: 3206, Time: 00:09:35

Health: -2/36      AC:  5    Str: 16    XL:     7   Next: 23%
Magic:  0/8        EV: 13    Int: 11    God:
Gold:   119        SH:  0    Dex: 17    Spells: 0 memorised, 6 levels left

rFire  . . .     SeeInvis .     b - +0 blowgun
rCold  + . .     Clarity  .     D - +2 robe {rC+}
rNeg   . . .     SustAt   .     (no shield)
rPois  .         Gourm    .     (no helmet)
rElec  .         Spirit   +     d - +0 cloak
rCorr  .         Warding  .     (no gloves)
rMut   .         Stasis   .     (no boots)
MR     .....                    (no amulet)
Stlth  ++++......               (no ring)
                                j - +2 ring of strength

@: not resistant to hostile enchantments, stealthy
A: fangs 2, regeneration 2, evolution 1, magic shield, antimagic bite, no device
heal 3, rot immunity
a: no special abilities


You were on level 4 of the Dungeon.
You were not hungry.

You visited 1 branch of the dungeon, and saw 4 of its levels.

You collected 119 gold pieces.

Inventory:

Hand weapons
 a - a +2 dagger
 b - a +0 blowgun (weapon)
 h - a +0 hunting sling
 E - a cursed -2 dagger
Missiles
 e - 18 poisoned needles (quivered)
 f - 2 curare-tipped needles
 i - 19 poisoned bolts
 n - 6 javelins
 q - 77 sling bullets
 F - 14 bolts of penetration
Armour
 c - a +0 robe
 d - a +0 cloak (worn)
 D - a +2 robe of cold resistance (worn)
Magical staves
 r - an uncursed staff of cold {unknown}
Jewellery
 j - a +2 ring of strength (left hand)
 G - a +5 ring of dexterity {unknown}
Magical devices
 y - a wand of slowing (17)
 A - a wand of random effects (0)
Scrolls
 m - a scroll of identify
 u - 2 scrolls of remove curse {unknown}
 v - a scroll of magic mapping {unknown}
 x - a scroll of fog {unknown}
 B - a scroll of teleportation {unknown}
Potions
 k - a potion of curing
 l - a potion of might
 o - a potion of heal wounds {unknown}
 p - 2 potions of mutation
 s - a potion of magic {unknown}
 w - a potion of flight {unknown}
 z - a potion of degeneration {unknown}
 C - a potion of agility {unknown}
Comestibles
 g - 3 bread rations
 t - 2 beef jerkies


   Skills:
 + Level 3.1 Fighting
 + Level 2.2 Short Blades
 + Level 2.5 Throwing
 + Level 3.0 Dodging
 + Level 8.1 Stealth


You had 6 spell levels left.
You didn't know any spells.

Dungeon Overview and Level Annotations

Branches:
Dungeon (4/15)
 Temple: D:4-7

Altars:
Kikubaaqudgha
Trog
Xom

Annotations:
D:3 Grinder
D:4 Eustachio, Menkaure


Innate Abilities, Weirdness & Mutations

You have extremely sharp teeth.
You heal very quickly.
When hurt, damage is shared between your health and your magic reserves.
Your bite disrupts and absorbs the magic of your enemies.
Potions and wands cannot restore your health.
You are immune to rotting.
You evolve.


Message History

Press: ? - help, Shift-Dir - straight line, f/p - Menkaure
Aim: Menkaure (lightly damaged, fast) Menkaure is unaffected.
Evoking this partially-identified wand wasted a few charges.
The orc hits you with a mace.
Evoke which item? (* to show all) (? for menu, Esc to quit)
Zapping:
A - a wand of random effects {zapped: 15} (will waste charges)
Press: ? - help, Shift-Dir - straight line, f/p - Menkaure
Aim: Menkaure (lightly damaged, fast) Menkaure is blasted.
Evoking this partially-identified wand wasted a few charges.
Menkaure completely misses you.
Evoke which item? (* to show all) (? for menu, Esc to quit)
Zapping:
A - a wand of random effects {zapped: 18} (will waste charges)
Press: ? - help, Shift-Dir - straight line, f/p - Menkaure
Aim: Menkaure (severely damaged, fast) Nothing appears to happen.
Menkaure hits you!
* * * LOW HITPOINT WARNING * * *
The orc closely misses you. Menkaure hits you!
You die...

#.# #)# #.# #.#
#†# #)# ### #.#
.....#####.#####..
......o@M....(....
###..#####...###..
... ###.# # .# .#
#


You could see Menkaure and an orc.

Vanquished Creatures
  Sigmund (D:4)
  3 orc wizards (D:4)
  Jessica (D:3)
  An iguana (D:4)
  Terence (D:2)
  Natasha (thrice) (D:3)
  A hound skeleton (D:4)
  7 adders
  3 oozes
  A worm (D:4)
  4 giant geckos
  6 orcs (D:4)
  9 bats
  8 giant cockroaches
  7 goblins
  6 hobgoblins
  2 jackals (D:1)
  2 giant gecko skeletons (D:4)
  9 giant newts
  5 kobolds
  7 rats
87 creatures vanquished.

Notes
Turn   | Place    | Note
--------------------------------------------------------------
     0 | D:1      | bal the Vine Stalker Assassin began the quest for the Orb.
     0 | D:1      | Reached XP level 1. HP: 11/11 MP: 2/2
   187 | D:1      | Reached skill level 5 in Stealth
   194 | D:1      | Reached XP level 2. HP: 15/15 MP: 3/3
   537 | D:1      | Reached XP level 3. HP: 16/18 MP: 4/4
   662 | D:1      | Reached skill level 1 in Dodging
   956 | D:1      | Reached skill level 6 in Stealth
  1071 | D:1      | Gained mutation: Your magical capacity is low (-10% MP). [potion of mutation]
  1071 | D:1      | Gained mutation: You evolve. [potion of mutation]
  1071 | D:1      | Lost mutation: Your magical capacity is low (-10% MP). [potion of mutation]
  1209 | D:2      | Noticed Terence
  1235 | D:2      | Reached XP level 4. HP: 8/23 MP: 3/5
  1322 | D:2      | Killed Terence
  1536 | D:2      | Found an ancient bone altar of Kikubaaqudgha.
  1733 | D:2      | Reached XP level 5. HP: 26/26 MP: 6/6
  2034 | D:3      | Noticed Natasha
  2049 | D:3      | Killed Natasha
  2059 | D:3      | Noticed Natasha
  2069 | D:3      | Killed Natasha
  2069 | D:3      | Reached skill level 7 in Stealth
  2108 | D:3      | Noticed Natasha
  2112 | D:3      | Killed Natasha
  2216 | D:3      | Noticed Grinder
  2699 | D:3      | Noticed Jessica
  2707 | D:3      | Killed Jessica
  2751 | D:4      | Noticed Sigmund
  2778 | D:4      | Killed Sigmund
  2778 | D:4      | Gained mutation: You heal very quickly. [Vine Stalker growth]
  2778 | D:4      | Reached XP level 6. HP: 13/32 MP: 4/7
  2840 | D:4      | Found a shimmering altar of Xom.
  2840 | D:4      | Found a bloodstained altar of Trog.
  3029 | D:4      | Reached XP level 7. HP: 36/36 MP: 8/8
  3049 | D:4      | Reached skill level 8 in Stealth
  3056 | D:4      | Noticed Eustachio
  3071 | D:4      | Noticed Menkaure
  3206 | D:4      | Slain by Menkaure

Vault maps used:
D:1:      dpeg_arrival_radiant, minmay_misc_feat_alley
D:2:      kiku_gazebo_pond_becter, first_bread, eino_tiny_chamber, uniq_terence
D:3:      uniq_natasha, uniq_jessica, uniq_grinder
D:4:      gammafunk_temple_overflow_elements, minmay_misc_feat_diagonals,
          trog_wizard, uniq_eustachio, uniq_sigmund, uniq_blork_the_orc,
          uniq_menkaure, uniq_duvessa

Action                   |  1- 3 |  4- 6 |  7- 9 || total
-------------------------+-------+-------+-------++-------
Melee: Dagger            |    82 |   143 |    20 ||   245
 Fire: Blowgun           |       |     9 |    13 ||    22
Throw: Javelin           |       |       |     5 ||     5
Evoke: Wand              |       |       |    11 ||    11
  Use: Potion            |     4 |       |       ||     4
       Scroll            |     2 |       |       ||     2
 Stab: Sleeping          |    10 |    16 |       ||    26
       Distracted        |       |     1 |       ||     1
  Eat: Bread ration      |     1 |       |       ||     1
       Chunk             |       |     2 |       ||     2
       Beef jerky        |       |       |     1 ||     1
